[Event "Gibraltar Masters 18th"]
[Site "Gibraltar"]
[Date "2020.01.30"]
[Round "10.52"]
[White "Buckels, Valentin"]
[Black "Reimanis, Ritvars"]
[Result "1/2-1/2"]
[ECO "A13"]
[WhiteElo "2459"]
[BlackElo "2370"]
[PlyCount "123"]
[EventDate "2020.01.21"]
[EventType "swiss"]
[EventRounds "10"]
[EventCountry "GGB"]
[SourceTitle "BritBase"]
[Source "John Saunders"]
[SourceDate "2021.06.05"]
[SourceVersion "1"]
[SourceVersionDate "2021.06.05"]
[SourceQuality "1"]
[TimeControl "40/100:0"]
[WhiteClock "0:54:18"]
[BlackClock "0:53:40"]

1. Nf3 Nf6 2. g3 e6 3. Bg2 d5 4. O-O c5 5. c4 d4 6. e3 Nc6 7. b3 Bd6 8. Na3 e5 9. d3 h6 10. Nc2 O-O 11. a3 a5 12. Rb1 e4 13.
Nfe1 Qe7 14. exd4 cxd4 15. Bb2 Rd8 16. Qe2 Bf5 17. Rd1 exd3 18.
Qxe7 Bxe7 19. Nxd3 Ne4 20. Rfe1 Nc3 21. Rd2 Kf8 22. Nf4 Bf6 23. Nd5 Bxc2 24. Rxc2 Nxd5 25. Bxd5 Ne5 26. Kg2 a4 27. Bxd4 axb3 28. Rc3 b2 29. Rb3 Nxc4 30. Bc5+ Nd6 31. Bxb7 Rab8 32. Rd1 Be7 33. Rxb2 Rxb7 34. Rxd6 Bxd6 35. Bxd6+ Rxd6 36. Rxb7 Rd2 37. Rb3 g5 38. Kf3 Kg7 39. h3 h5 40. g4 hxg4+ 41. hxg4 Rd4 42. Kg3 Ra4 43. f3 Kg6 44. Kf2 f5 45. gxf5+ Kxf5 46. Ke3 g4 47. fxg4+ Rxg4 48. Rb5+ Ke6 49. Kd2 Kd6 50. Kc3 Kc6 51. Rb8 Kc7 52. Rb4 Rxb4 53. axb4 Kb6 54. Kc4 Kc6 55. b5+ Kb6 56. Kb4 Kb7 57. Kc5 Kc7 58. b6+ Kb7 59. Kb5 Kb8 60. Ka6 Ka8 61. b7+ Kb8 62. Kb6 1/2-1/2

[Event "Gibraltar Masters 18th"]
[Site "Gibraltar"]
[Date "2020.01.30"]
[Round "10.53"]
[White "Pratyusha, Bodda"]
[Black "Chigaev, Maksim"]
[Result "0-1"]
[ECO "A45"]
[WhiteElo "2267"]
[BlackElo "2616"]
[PlyCount "70"]
[EventDate "2020.01.21"]
[EventType "swiss"]
[EventRounds "10"]
[EventCountry "GGB"]
[SourceTitle "BritBase"]
[Source "John Saunders"]
[SourceDate "2021.06.05"]
[SourceVersion "1"]
[SourceVersionDate "2021.06.05"]
[SourceQuality "1"]
[TimeControl "40/100:0"]
[WhiteClock "0:16:08"]
[BlackClock "1:26:47"]

1. d4 Nf6 2. Bf4 d6 3. Nc3 Nbd7 4. Nf3 c5 5. d5 Qa5 6. Bd2 b5 7. a3 a6 8. e4 Qc7 9. Qe2 g6 10. Bf4 Nh5 11. Be3 Bg7 12. g4 Nhf6 13.
Nd2 h5 14. g5 Ng4 15. Bf4 Rb8 16. h3 Nge5 17. Qd1 b4 18. axb4 cxb4 19. Na4 e6 20. Be3 exd5 21. exd5 Bb7 22. c4 bxc3 23. Nxc3 Nc5 24. Bxc5 dxc5 25. Nde4 O-O 26. Bxa6 Bxa6 27. Rxa6 Rxb2 28. f4 Nc4 29. Qc1 Re8 30. O-O Qc8 31. Rf6 Qxh3 32. Qxb2 Nxb2 33. d6 Qe3+ 34. Kh2 Rxe4 35. Nxe4 Qxe4 0-1

[Event "Gibraltar Masters 18th"]
[Site "Gibraltar"]
[Date "2020.01.30"]
[Round "10.55"]
[White "Moroni, Luca Jr"]
[Black "Melia, Salome"]
[Result "1-0"]
[ECO "D02"]
[WhiteElo "2532"]
[BlackElo "2368"]
[PlyCount "101"]
[EventDate "2020.01.21"]
[EventType "swiss"]
[EventRounds "10"]
[EventCountry "GGB"]
[SourceTitle "BritBase"]
[Source "John Saunders"]
[SourceDate "2021.06.05"]
[SourceVersion "1"]
[SourceVersionDate "2021.06.05"]
[SourceQuality "1"]
[TimeControl "40/100:0"]
[WhiteClock "1:24:55"]
[BlackClock "0:46:41"]

1. d4 Nf6 2. Bf4 d5 3. e3 e6 4. Nf3 Bd6 5. Bg3 O-O 6. Nbd2 c5 7. c3 Qc7 8. dxc5 Qxc5 9. Bd3 Nbd7 10. Qc2 e5 11. e4 dxe4 12. Nxe4 Nxe4 13. Bxe4 Nf6 14. Rd1 Bg4 15. O-O Bh5 16. Rd2 Rfe8 17. Bxb7 Rab8 18. Be4 Rxb2 19. Bxh7+ Nxh7 20. Qxb2 Bxf3 21. gxf3 Ng5 22. Qb7 Re6 23. Rd5 Qa3 24. Rfd1 Bf8 25. Rd8 Kh7 26. h4 Rb6 27. Qd5 Ne6 28. Rc8 f6 29. h5 Qe7 30. Qe4+ Kg8 31. Qg6 Qf7 32. Qxf7+ Kxf7 33. Rd7+ Kg8 34. Rxa7 Kh7 35. Raa8 Kh6 36. Rxf8 Nxf8 37. Rxf8 Kxh5 38. f4 exf4 39. Bxf4 Ra6 40. Be3 Rxa2 41. c4 Kg6 42. c5 Rc2 43. Kg2 Kf5 44. Rf7 g5 45. Bd4 Ke4 46. Bxf6 Rxc5 47. Rg7 Kf4 48. Bd4 Ra5 49. Be3+ Kg4 50. Rc7 Ra8 51. Rc4+ 1-0

[Event "Gibraltar Masters 18th"]
[Site "Gibraltar"]
[Date "2020.01.30"]
[Round "10.56"]
[White "Bellon Lopez, Juan Manuel"]
[Black "Kosteniuk, Alexandra"]
[Result "1/2-1/2"]
[ECO "D01"]
[WhiteElo "2348"]
[BlackElo "2504"]
[PlyCount "89"]
[EventDate "2020.01.21"]
[EventType "swiss"]
[EventRounds "10"]
[EventCountry "GGB"]
[SourceTitle "BritBase"]
[Source "John Saunders"]
[SourceDate "2021.06.05"]
[SourceVersion "1"]
[SourceVersionDate "2021.06.05"]
[SourceQuality "1"]
[TimeControl "40/100:0"]
[WhiteClock "0:44:46"]
[BlackClock "0:52:13"]

1. d4 Nf6 2. Bg5 d5 3. Bxf6 gxf6 4. e3 c5 5. Nc3 e6 6. Qh5 f5 7. Nf3 cxd4 8. Ne5 Qf6 9. exd4 a6 10. Na4 Nd7 11. f4 Nxe5 12. fxe5 Qd8 13. Nc3 h6 14. g4 fxg4 15. Be2 Qg5 16. Qxg5 hxg5 17. Bxg4 Bg7 18. O-O Bd7 19. Nxd5 Bxe5 20. dxe5 exd5 21. Bxd7+ Kxd7 22. Rxf7+ Ke6 23. Rxb7 Rab8 24. Rb3 Kxe5 25. Re1+ Kf4 26. Rxb8 Rxb8 27. b3 Rc8 28. Re2 d4 29. Kf1 Rc3 30. Ke1 g4 31. Rd2 Ke4 32. Rg2 Kf4 33.
Kd2 Rh3 34. Re2 a5 35. a4 Rc3 36. Rf2+ Ke4 37. Rg2 Kf4 38. Rf2+ Ke4 39. Rg2 Kf4 40. Re2 Rh3 41. Rf2+ Ke4 42. Re2+ Kf4 43. Rf2+ Ke4 44. Ke2 Rc3 45. Kd2 1/2-1/2

[Event "Gibraltar Masters 18th"]
[Site "Gibraltar"]
[Date "2020.01.30"]
[Round "10.57"]
[White "Bilguun, Sumiya"]
[Black "Padmini, Rout"]
[Result "1/2-1/2"]
[ECO "C07"]
[WhiteElo "2486"]
[BlackElo "2369"]
[PlyCount "81"]
[EventDate "2020.01.21"]
[EventType "swiss"]
[EventRounds "10"]
[EventCountry "GGB"]
[SourceTitle "BritBase"]
[Source "John Saunders"]
[SourceDate "2021.06.05"]
[SourceVersion "1"]
[SourceVersionDate "2021.06.05"]
[SourceQuality "1"]
[TimeControl "40/100:0"]

1. e4 e6 2. d4 d5 3. Nd2 c5 4. Ngf3 cxd4 5. exd5 Qxd5 6. Bc4 Qd7 7. O-O Nc6 8. Nb3 a6 9. a4 Nf6 10. Qe2 Bd6 11. Rd1 Qc7 12. Nbxd4 O-O 13. Nxc6 bxc6 14. b3 Nd5 15. Bb2 a5 16. g3 h6 17. Ne5 f6 18.
Ng6 Re8 19. Bd3 Bb7 20. Nh4 Bf8 21. Bg6 Re7 22. Bh5 c5 23.
c4 Nb4 24. Rd2 Qc6 25. Bf3 Qb6 26. Bxb7 Rxb7 27. Rad1 e5 28. Qh5 Qe6 29. Ng6 Nc6 30. Nxf8 Rxf8 31. Rd6 Qc8 32. Ba3 Nd4 33. Bxc5 g6 34. Qxg6+ Rg7 35. Qh5 Rg5 36. Qxh6 Qxc5 37. Rd7 Rf7 38. Rd8+ Rf8 39. Rd7 Rf7 40. Rd8+ Rf8 41. Rd7 1/2-1/2

[Event "Gibraltar Masters 18th Play-Off"]
[Site "Gibraltar"]
[Date "2020.01.30"]
[Round "1.1"]
[White "Esipenko, Andrey"]
[Black "Paravyan, David"]
[Result "1/2-1/2"]
[ECO "A38"]
[WhiteElo "2654"]
[BlackElo "2629"]
[PlyCount "66"]
[EventDate "2020.01.30"]
[EventType "k.o. (rapid)"]
[EventCountry "GGB"]
[SourceTitle "BritBase"]
[Source "John Saunders"]
[SourceDate "2021.06.05"]
[SourceVersion "1"]
[SourceVersionDate "2021.06.05"]
[SourceQuality "1"]
[TimeControl "40/100:0"]
[WhiteClock "0:01:40"]
[BlackClock "0:03:02"]

1. c4 c5 2. g3 g6 3. Bg2 Bg7 4. Nc3 Nc6 5. d3 a6 6. Nf3 Nf6 7. O-O O-O 8. d4 cxd4 9. Nxd4 Nxd4 10. Qxd4 d6 11. Qd3 Bf5 12. e4 Be6 13. b3 Rb8 14. Be3 Ng4 15. Bd4 Bxd4 16. Qxd4 b5 17.
cxb5 axb5 18. Nd5 Ne5 19. Rfc1 Bxd5 20. exd5 b4 21. Rc2 Qb6 22. Qd2 Rfc8 23. Rac1 Rxc2 24. Rxc2 Kg7 25. h3 h5 26. Kh2 Rb7 27. f4 Nd7 28. Rc6 Qa5 29. a4 Qa7 30. Qe2 Nf6 31. Qd2 Nd7 32.
Rc4 Qb6 33. Rc6 Qa7 1/2-1/2

[Event "Gibraltar Masters 18th Play-Off"]
[Site "Gibraltar"]
[Date "2020.01.30"]
[Round "1.1"]
[White "Yuffa, Daniil"]
[Black "Wang, Hao"]
[Result "0-1"]
[ECO "D30"]
[WhiteElo "2566"]
[BlackElo "2758"]
[PlyCount "104"]
[EventDate "2020.01.30"]
[EventType "k.o. (rapid)"]
[EventCountry "GGB"]
[SourceTitle "BritBase"]
[Source "John Saunders"]
[SourceDate "2021.06.05"]
[SourceVersion "1"]
[SourceVersionDate "2021.06.05"]
[SourceQuality "1"]
[TimeControl "40/100:0"]
[WhiteClock "0:00:14"]
[BlackClock "0:02:09"]

1. d4 Nf6 2. c4 e6 3. g3 d5 4. Bg2 Be7 5. Nf3 O-O 6. O-O dxc4 7. Qc2 c6 8.
Qxc4 b5 9. Qc2 Bb7 10. Bg5 Nbd7 11. Rd1 Qb6 12. Nc3 h6 13. Bxf6 Nxf6 14. Ne5 Rfd8 15. Ne4 Rxd4 16. Nxf6+ Bxf6 17. Nd7 Qd8 18.
Nxf6+ Qxf6 19. Rxd4 Qxd4 20. Rd1 Qb6 21. Rd7 b4 22. Qd2 Rf8 23.
e3 Ba8 24. h4 c5 25. Rd6 Qb8 26. Bxa8 Qxa8 27. Qd3 Qf3 28. b3 Qf6 29. Kg2 Qe5 30. Rd7 a5 31. Ra7 Qb8 32. Rd7 a4 33. Qe4 axb3 34. axb3 Qc8 35. Rd6 Rd8 36. Rb6 Qd7 37. Kh2 Qd3 38. Qxd3 Rxd3 39. Rc6 Rc3 40. Rc8+ Kh7 41. h5 g6 42. Rc7 Kg7 43. g4 gxh5 44. gxh5 Kf6 45. Kg3 Kg5 46. Rxf7 Rxb3 47. f4+ Kxh5 48. Kf3 c4 49. Rf6 c3 50. Ke2 c2 51. Kd2 Rc3 52. Kc1 b3 0-1

[Event "Gibraltar Masters 18th Play-Off"]
[Site "Gibraltar"]
[Date "2020.01.30"]
[Round "1.2"]
[White "Paravyan, David"]
[Black "Esipenko, Andrey"]
[Result "1/2-1/2"]
[ECO "B13"]
[WhiteElo "2629"]
[BlackElo "2654"]
[PlyCount "53"]
[EventDate "2020.01.30"]
[EventType "k.o. (rapid)"]
[EventCountry "GGB"]
[SourceTitle "BritBase"]
[Source "John Saunders"]
[SourceDate "2021.06.05"]
[SourceVersion "1"]
[SourceVersionDate "2021.06.05"]
[SourceQuality "1"]
[TimeControl "40/100:0"]
[WhiteClock "0:02:30"]
[BlackClock "0:00:47"]

1. e4 c6 2. d4 d5 3. exd5 cxd5 4. Nf3 Nf6 5. c3 Nc6 6. Bf4 Bg4 7. Qb3 Qc8 8. Nbd2 e6 9. Ne5 Be7 10. Nxg4 Nxg4 11. Bd3 O-O 12. O-O Nf6 13. h3 a6 14. a4 Qd7 15. Rfe1 Bd6 16. Be5 Bxe5 17. dxe5 Nh5 18. g3 g6 19. Nf3 Rac8 20. a5 Rce8 21. c4 dxc4 22. Qxc4 Rc8 23. Qb3 Nd4 24. Nxd4 Qxd4 25. Be4 Rc4 26. Qe3 Qxb2 27. Bg2 1/2-1/2

[Event "Gibraltar Masters 18th Play-Off"]
[Site "Gibraltar"]
[Date "2020.01.30"]
[Round "1.2"]
[White "Wang, Hao"]
[Black "Yuffa, Daniil"]
[Result "1-0"]
[ECO "E94"]
[WhiteElo "2758"]
[BlackElo "2566"]
[PlyCount "73"]
[EventDate "2020.01.30"]
[EventType "k.o. (rapid)"]
[EventCountry "GGB"]
[SourceTitle "BritBase"]
[Source "John Saunders"]
[SourceDate "2021.06.05"]
[SourceVersion "1"]
[SourceVersionDate "2021.06.05"]
[SourceQuality "1"]
[TimeControl "40/100:0"]
[WhiteClock "0:02:49"]
[BlackClock "0:00:59"]

1. Nf3 d6 2. d4 Nf6 3. c4 g6 4. Nc3 Bg7 5. e4 O-O 6. Be2 Nbd7 7. O-O e5 8. Be3 Re8 9. d5 Nh5 10. g3 Bf8 11. Ne1 Ng7 12. Nd3 f5 13.
Qd2 Nf6 14. f3 Be7 15. exf5 Nxf5 16. Bf2 Bf8 17. Rfe1 Bh6 18. Qd1 Be3 19. Bf1 Bxf2+ 20. Nxf2 Bd7 21. Bg2 a6 22. Rc1 b5 23. Nce4 Nxe4 24. Nxe4 Nd4 25. f4 bxc4 26. fxe5 dxe5 27. Rxc4 Bf5 28. Qc1 Re7 29. d6 cxd6 30. Nxd6 Qxd6 31. Bxa8 e4 32. Rd1 Ne2+ 33. Kf2 e3+ 34. Kxe2 Qf6 35. Bd5+ Kg7 36. Qc3 Re5 37. Bf3 1-0

[Event "Gibraltar Masters 18th Play-Off"]
[Site "Gibraltar"]
[Date "2020.01.30"]
[Round "1.3"]
[White "Paravyan, David"]
[Black "Esipenko, Andrey"]
[Result "1/2-1/2"]
[ECO "B12"]
[WhiteElo "2629"]
[BlackElo "2654"]
[PlyCount "113"]
[EventDate "2020.01.30"]
[EventType "k.o. (rapid)"]
[EventCountry "GGB"]
[SourceTitle "BritBase"]
[Source "John Saunders"]
[SourceDate "2021.06.05"]
[SourceVersion "1"]
[SourceVersionDate "2021.06.05"]
[SourceQuality "1"]
[TimeControl "40/100:0"]
[WhiteClock "0:00:10"]
[BlackClock "0:00:12"]

1. e4 c6 2. d4 d5 3. e5 Bf5 4. Nf3 e6
5. c3 c5 6. Bb5+ Nd7 7. Be3 Rc8 8. O-O a6 9. Be2 Ne7 10.
Nbd2 Nc6 11. a3 Be7 12. b4 cxd4 13. cxd4 O-O 14. Nb3 Nxb4 15. axb4 Bc2 16. Qd2 Bxb3 17. b5 axb5 18. Bxb5 Bc4 19. Rfb1 Bxb5 20. Rxb5 b6 21. Qd1 Qc7 22. Rc1 Qb7 23. Rcb1 Rc3 24. h4 Rfc8 25. h5 h6 26. g4 Qc6 27. Kg2 Qc4 28. R5b2 Ra8 29. Bd2 Rca3 30. Rc1 Qd3 31. Be3 Qe4 32. Kg3 f6 33. Rc7 R3a7 34. Rxa7 Rxa7 35. Qc2 Qxc2 36. Rxc2 b5 37. exf6 Bxf6 38. g5 hxg5 39. Nxg5 Bxg5 40. Bxg5 Rb7 41. Kf3 b4 42. Ke2 b3 43. Rb2 e5 44. Kd3 Rb4 45. Be3 exd4 46. Bxd4 Nf6 47. h6 Kf7 48. hxg7 Kxg7 49. Kc3 Rb7 50. Rxb3 Rxb3+ 51. Kxb3 Kg6 52. f3 Kf5 53. Bxf6 Kxf6 54. Kc3 Ke5 55. f4+ Kxf4 56. Kd4 Kf5 57. Kxd5 1/2-1/2

[Event "Gibraltar Masters 18th Play-Off"]
[Site "Gibraltar"]
[Date "2020.01.30"]
[Round "1.4"]
[White "Esipenko, Andrey"]
[Black "Paravyan, David"]
[Result "1/2-1/2"]
[ECO "E11"]
[WhiteElo "2654"]
[BlackElo "2629"]
[PlyCount "86"]
[EventDate "2020.01.30"]
[EventType "k.o. (rapid)"]
[EventCountry "GGB"]
[SourceTitle "BritBase"]
[Source "John Saunders"]
[SourceDate "2021.06.05"]
[SourceVersion "1"]
[SourceVersionDate "2021.06.05"]
[SourceQuality "1"]
[TimeControl "40/100:0"]
[WhiteClock "0:00:03"]
[BlackClock "0:00:11"]

1. d4 Nf6 2. Nf3 d5 3. c4 e6 4. g3 Bb4+ 5. Bd2 a5 6. Bg2 O-O 7. Qc2 c5 8. dxc5 d4 9. Bxb4 axb4 10. Nbd2 Nc6 11. Nb3 e5 12. O-O Qe7 13. Ng5 Bg4 14. Rfe1 Rfd8 15. Ne4 Ne8 16. h3 Bh5 17. e3 d3 18. Qd2 f5 19. Nd6 Nxd6 20. cxd6 Qxd6 21. Bd5+ Bf7 22. e4 fxe4 23. Bxf7+ Kxf7 24. Rxe4 Kg8 25. Kg2 Qg6 26. f3 Ne7 27. Rxe5 Nf5 28. g4 Nh4+ 29. Kg3 Qf6 30. f4 Ng6 31. Re4 h5 32. f5 Qd6+ 33.
Kg2 Nh4+ 34. Kh1 Qc6 35. Qe3 d2 36. Rd1 Rxa2 37. Nd4 Qxc4 38. Re8+ Rxe8 39. Qxe8+ Kh7
40. Qxh5+ Kg8 41. Qe8+ Kh7 42. Qh5+ Kg8 43. Qe8+ Kh7 1/2-1/2

[Event "Gibraltar Masters 18th Play-Off"]
[Site "Gibraltar"]
[Date "2020.01.30"]
[Round "1.5"]
[White "Paravyan, David"]
[Black "Esipenko, Andrey"]
[Result "1-0"]
[ECO "B12"]
[WhiteElo "2629"]
[BlackElo "2654"]
[PlyCount "115"]
[EventDate "2020.01.30"]
[EventType "k.o. (rapid)"]
[EventCountry "GGB"]
[SourceTitle "BritBase"]
[Source "John Saunders"]
[SourceDate "2021.06.05"]
[SourceVersion "1"]
[SourceVersionDate "2021.06.05"]
[SourceQuality "1"]
[TimeControl "40/100:0"]
[WhiteClock "0:00:16"]
[BlackClock "0:00:01"]

1. e4 c6 2. d4 d5 3. e5 Bf5 4. c4 e6 5. Nc3 Nd7 6. Nf3 dxc4 7. Bxc4 Ne7 8. Nh4 Bg6 9. O-O Nd5 10. Nxg6 hxg6 11. Nxd5 cxd5 12. Bb5 a6 13. Ba4 Be7 14. Be3 b5 15. Bc2 g5 16. g3 g6 17. Bd3 Rc8 18. a4 Qb6 19. Qe2 Rb8 20. axb5 axb5 21. Qd2 Kf8 22. Ra5 Qd8 23. Rxb5 Kg7 24. Ra1 Nb6 25. b3 Nd7 26. Ra7 Ra8 27. Qa2 Rxa7 28. Qxa7 Qc8 29. Rb7 Qc3 30. Bf1 Bc5 31. Qa2 Nxe5 32. dxe5 Bxe3 33. fxe3 Qxe5 34. Qf2 Rf8 35. b4 Kg8 36. b5 f5 37. Qd2 Qd6 38. Qd4 Rf7 39. Rxf7 Kxf7 40. b6 e5 41. Qb2 Qc5
42. Qxe5 Qxb6 43. Qxd5+ Kf8 44. Qe5 Qc6 45. Kf2 Qc2+ 46. Be2 Qc6 47. Qb8+ Kg7 48. Qa7+ Kh6 49. Qd4 Kh7 50. Bf3 Qc2+ 51. Be2 Qc6 52. Qe5 Qh1 53. Qe7+ Kh6 54. Qf8+ Kh7
55. Qf7+ Kh6 56. Bf3 Qxh2+ 57. Bg2 Qh5 58. Qg8 1-0

[Event "Gibraltar Masters 18th Play-Off"]
[Site "Gibraltar"]
[Date "2020.01.30"]
[Round "2.1"]
[White "Wang, Hao"]
[Black "Paravyan, David"]
[Result "0-1"]
[ECO "C65"]
[WhiteElo "2758"]
[BlackElo "2629"]
[PlyCount "94"]
[EventDate "2020.01.30"]
[EventType "k.o. (rapid)"]
[EventCountry "GGB"]
[SourceTitle "BritBase"]
[Source "John Saunders"]
[SourceDate "2021.06.05"]
[SourceVersion "1"]
[SourceVersionDate "2021.06.05"]
[SourceQuality "1"]
[TimeControl "40/100:0"]
[WhiteClock "0:00:15"]
[BlackClock "0:00:20"]

1. e4 e5 2. Nf3 Nc6 3. Bb5 Nf6 4. d3 Bc5 5. Bxc6 dxc6 6. O-O Nd7 7. c3 O-O 8. d4 Bd6 9. Bg5 f6 10. Bh4 c5 11. Bg3 Qe7 12. dxe5 fxe5 13. Nbd2 Nb6 14. Qe2 Bg4 15. h3 Bh5 16. Rfe1 Kh8 17. Qe3 h6 18.
Nh4 Qf6 19. Nf5 Bg6 20. Bh4 Qe6 21. g4 a5 22. Nf3 a4 23.
Rad1 Qxa2 24. Nxh6 Rxf3 25. Qxf3 gxh6 26. Qf6+ Kh7 27. Rxd6 cxd6 28. Qxd6 Ra6 29. Qxe5 Nd7 30. Qc7 Qf7 31. Rd1 Nf8 32. Qxf7+ Bxf7 33. f4 a3 34. bxa3 Rxa3 35. Bf6 Ra4 36. Re1 Nd7 37. Be7 Rc4 38. Re3 b5 39. Kf2 b4 40. cxb4 cxb4 41. Kf3 Nc5 42. e5 Bd5+ 43. Kg3 b3 44. Re2 Rc2 45. Re1 b2 46. Bxc5 Rxc5 47. Rb1 Rb5 0-1

[Event "Gibraltar Masters 18th Play-Off"]
[Site "Gibraltar"]
[Date "2020.01.30"]
[Round "2.2"]
[White "Paravyan, David"]
[Black "Wang, Hao"]
[Result "1/2-1/2"]
[ECO "B90"]
[WhiteElo "2629"]
[BlackElo "2758"]
[PlyCount "100"]
[EventDate "2020.01.30"]
[EventType "k.o. (rapid)"]
[EventCountry "GGB"]
[SourceTitle "BritBase"]
[Source "John Saunders"]
[SourceDate "2021.06.05"]
[SourceVersion "1"]
[SourceVersionDate "2021.06.05"]
[SourceQuality "1"]
[TimeControl "40/100:0"]
[WhiteClock "0:00:24"]
[BlackClock "0:00:20"]

1. e4 c5 2. Nf3 d6 3. d4 cxd4 4. Nxd4 Nf6 5. Nc3 a6 6. Bd3 e5 7. Nde2 Be7 8. O-O O-O 9. Ng3 Be6 10. Nd5 Nxd5 11. exd5 Bc8 12. f4 Nd7 13. Nf5 Bf6 14. c3 exf4 15. Bxf4 Ne5 16. Kh1 Bxf5 17. Bxf5 g6 18. Bh3 Re8 19. Rc1 b5 20. a4 Bg5 21. Bxe5 Rxe5 22. Ra1 Qb6 23. Bd7 bxa4 24. Qc2 Rb8 25. Bxa4 a5 26. b4 axb4 27. cxb4 Be3 28. Bc6 Qd4 29. b5 Rh5 30. g3 Qg4 31. Qg2 Qd4 32. Rad1 Qc5 33. Qf3 Rf5 34. Qe2 Re5 35. Qd3 f5 36. Ra1 Rf8 37. Ra4 Kg7 38.
Qc4 Qb6 39. Ra6 Qc7 40. Qb4 Rb8 41. Re1 Kf7 42. Qc4 Qe7 43.
Ra2 Re4 44. Qd3 Bc5 45. Rae2 Rxe2 46. Qxe2 Qa7 47. Qe6+ Kg7 48. Qe7+ Qxe7 49. Rxe7+ Kh6 50. Re8 Rxe8 1/2-1/2